 Dungeon Crawl Stone Soup version 0.30-a0-1161-g0704695555 (webtiles) character file.

Game seed: 10345669717402073759

14 AleXD21137 the Grave Robber (level 2, 0/18 HPs)
             Began as a Ghoul Necromancer on Apr 27, 2023.
             Was a Follower of Hepliaklqana.
             Slain by a jackal (1 damage)
             ... on level 2 of the Dungeon.
             The game lasted 00:07:38 (913 turns).

AleXD21137 the Grave Robber (Ghoul Necromancer)      Turns: 913, Time: 00:07:39

Health: 0/18       AC:  2    Str: 11    XL:     2   Next: 41%
Magic:  1/3        EV: 12    Int: 10    God:    Hepliaklqana [*.....]
Gold:   88         SH:  0    Dex:  9    Spells: 3/4 levels left

rFire   . . .        j - staff of conjuration
rCold   + . .        (no shield)
rNeg    + + +        a - +0 robe
rPois   ∞            (no helmet)
rElec   .            (no cloak)
rCorr   .            (no gloves)
SInv    .            (no boots)
Will    .....        (no amulet)
Stlth   ++           (no ring)
HPRegen 0.00/turn    (no ring)
MPRegen 0.08/turn

%: no passive effects
@: about to teleport, inhibited regen
A: reduced essence, claws 1, cold resistance 1, negative energy resistance 3,
inhibited regeneration, torment resistance 2, devour on kill
a: Renounce Religion, Recall Ancestor, Ancestor Identity


You were on level 2 of the Dungeon.
You worshipped Hepliaklqana.
Hepliaklqana was aware of your devotion.
You visited 1 branch of the dungeon, and saw 2 of its levels.

You collected 88 gold pieces.

Inventory:

Armour
 a - a +0 robe (worn)
Magical Staves
 j - a staff of conjuration (weapon)
Scrolls
 c - 2 scrolls of teleportation
 g - a scroll of noise
 h - a scroll of enchant weapon {unknown}
 i - a scroll of magic mapping {unknown}
 m - a scroll of amnesia {unknown}
 n - a scroll of identify {unknown}
Potions
 b - a potion of magic
 d - a potion of lignification {unknown}
 e - 2 potions of flight {unknown}
 f - a potion of mutation {unknown}
 k - a potion of attraction {unknown}
 l - 2 potions of haste {unknown}
 o - 2 potions of cancellation {unknown}
 p - 2 potions of heal wounds {unknown}


   Skills:
 + Level 1.8 Dodging
 + Level 2.3 Stealth
 + Level 0.3 Unarmed Combat
 + Level 1.8 Spellcasting
 + Level 4.4 Necromancy


You had 3 spell levels left.
You knew the following spells:

 Your Spells              Type           Power      Damage    Failure   Level
a - Necrotise             Necr           36%        1d5       5%          1

Your spell library contained the following spells:

 Spells                   Type           Power      Damage    Failure   Level
 Vampiric Draining        Necr           9%         2d6       16%         3
 Shock                    Conj/Air       4%         1d3       32%         1
 Portal Projectile        Hex/Tloc       0%         N/A       67%         3
 Swiftness                Air            0%         N/A       67%         3
 Tukima's Dance           Hex            0%         N/A       67%         3
 Animate Dead             Necr           9%         N/A       45%         4
 Agony                    Necr           9%         N/A       82%         5
 Airstrike                Air            0%         2d(0-16)  97%         4
 Blade Hands              Tmut           Unusable   N/A       N/A         5

Dungeon Overview and Level Annotations

Branches:
Dungeon (2/15)

Altars:
Hepliaklqana


Innate Abilities, Weirdness & Mutations

Your life essence is reduced to manifest your ancestor. (-10% HP)
You are immune to poison.
You have sharp fingernails.
Your flesh is cold resistant. (rC+)
You are immune to negative energy. (rN+++)
You do not regenerate when monsters are visible.
You are immune to unholy pain and torment.
You thrive by killing the living.


Message History

The frilled lizard completely misses you.
The bat hits you. The jackal bites you. The frilled lizard bites you.
Unknown command.
Casting: Necrotise (safe; 5% risk of failure)
Confirm with . or Enter, or press ? or * to list all spells.
Aiming: Necrotise (safe; 5% risk of failure)
Press: ? - help, Shift-Dir - straight line, f - frilled lizard
Aim: a frilled lizard (heavily wounded, chance to affect: 76%)
The frilled lizard writhes in agony.
You kill the frilled lizard!
The dead are walking!
The bat hits you but does no damage. The jackal bites you. x2
* * * LOW HITPOINT WARNING * * *
The bat hits you but does no damage. The jackal misses you.
The jackal completely misses you.
The kobold throws a stone.
The stone hits you but does no damage. The jackal attacks as you move away!
The jackal closely misses you. The jackal attacks as you move away!
The jackal closely misses you. x2
The bat hits you.
* * * LOW HITPOINT WARNING * * *
Your goblin skeleton hits the bat.
The jackal bites you.
* * * LOW HITPOINT WARNING * * *
The jackal bites you.
* * * LOW HITPOINT WARNING * * *
Things that are here:
a +0 dagger; a ring of see invisible
As you read the scroll labelled OPISAP VUMYGY, it crumbles to dust.
You feel strangely unstable.
It was a scroll of teleportation.
The bat hits you but does no damage. The jackal misses you.
The jackal bites you but does no damage.
The jackal closely misses you.
Your goblin skeleton misses the bat.
The bat closely misses you.
As you read the scroll labelled ARPHUBL XURYU, it crumbles to dust.
You hear a loud clanging noise!
It was a scroll of noise.
You hear a shout! x2; You hear a bark!
You hear a shout!
You hear an angry hiss. x2
You hear a bark! x2
The jackal completely misses you. The jackal misses you.
The bat barely misses you. The jackal bites you.
You die...

#### ##...#### .....
.........##########.....
##.~.~~~..................
#...~...###...............
#.~ ~≈~~~##..$............
..##≈.~~≈.#.......Z......
..~..≈..~~~....hbh...####
.~~~♣#~..##....Z@h......#
..~.~≈~~.≈~#####Kh#####.#
.###..~.~~.######...#
#.~≈.♣~≈.~~.......#......
##≈.♣..~~.........#######
#####.#.....)....# ..
#............### ...
###[...........# ###.r.
#<.........#... .#..


You could see 4 jackals, a bat (ally target), a kobold, a friendly frilled
lizard skeleton and a friendly goblin skeleton.

Vanquished Creatures
  A dart slug (D:1)
  A giant cockroach (D:1)
  A kobold (D:1)
  A ball python (D:1)
  A frilled lizard (D:2)
  A goblin (D:2)
  5 rats (D:1)
11 creatures vanquished.

Vanquished Creatures (collateral kills)
  A ball python (D:2)
  A bat (D:1)
  A rat (D:1)
3 creatures vanquished.

Vanquished Creatures (others)
  An ancestor (D:2)
1 creature vanquished.

Grand Total: 15 creatures vanquished

Notes
Turn   | Place    | Note
-------+----------+-------------------------------------------
     0 | D:1      | AleXD21137 the Ghoul Necromancer began the quest for the
                  | Orb.
     0 | D:1      | Reached XP level 1. HP: 14/14 MP: 2/2
   105 | D:1      | Found a faded altar of an unknown god.
   180 | D:1      | Prayed at the altar of an unknown god.
   180 | D:1      | Became a worshipper of Hepliaklqana the Forgotten
   180 | D:1      | Reached * piety under Hepliaklqana
   276 | D:1      | Reached XP level 2. HP: 11/18 MP: 3/3
   913 | D:2      | Slain by a jackal

Illustrated notes

Levels and vault maps discovered:
D:1:      lightli_iron_boxes, layout_loops_cross,
          shapermc_ecumenical_altar_starsandcircs, minmay_misc_feat_chi
D:2:      layout_rooms, chequers_serial_rivers_marsh

Action                     || total
---------------------------++-------
  Melee: Unarmed           ||    17
         Staff             ||    16
   Cast: Necrotise         ||     2
    Use: Scroll            ||     2
   Stab: Sleeping          ||     1
 Armour: Robe              ||    14
  Dodge: Dodged            ||    42

Table legend: (Time is in decaauts)
 A = Elapsed time spent in this place.
 B = Non-inter-level travel time spent in this place.
 C = Inter-level travel time spent in this place.
 D = Time resting spent in this place.
 E = Time spent auto-exploring this place.
 F = Levels seen in this place.
 G = Mean time per level.
                   A        B        C        D        E       F      G
               +--------+--------+--------+--------+--------+-----+--------+
         Total |    926 |    831 |     95 |      0 |    400 |   2 |  463.0 |
       Dungeon |    926 |    831 |     95 |      0 |    400 |   2 |  463.0 |
               +--------+--------+--------+--------+--------+-----+--------+

Top non-repeatable levels by time:
     D:1: 802 daAuts
     D:2: 124 daAuts
